 Dungeon Crawl Stone Soup version 0.19.5 (webtiles) character file.

14 Haldmier the Charmwright (level 2, 0/19 HPs)
             Began as a High Elf Skald on Mar 15, 2017.
             Slain by a hobgoblin
             ... wielding a +0 club
              (7 damage)
             ... on level 1 of the Dungeon.
             The game lasted 00:02:29 (596 turns).

Haldmier the Charmwright (High Elf Skald)            Turns: 596, Time: 00:02:29

Health: 0/19       AC:  3    Str: 11    XL:     2   Next: 27%
Magic:  0/6        EV: 10    Int: 15    God:
Gold:   60         SH:  3    Dex: 14    Spells: 2 memorised, 2 levels left

rFire  . . .     SeeInvis .     a - +0 falchion
rCold  + . .     Gourm    .     j - +0 leather armour {rC+}
rNeg   . . .     Faith    .     k - +0 buckler
rPois  .         Spirit   .     (no helmet)
rElec  .         Reflect  .     (no cloak)
rCorr  .         Harm     .     (no gloves)
MR     .....                    (no boots)
Stlth  +.........               (no amulet)
                                (no ring)
                                (no ring)

@: infused, very slightly contaminated
A: no striking features
a: no special abilities


You were on level 1 of the Dungeon.
You were not hungry.

You visited 1 branch of the dungeon, and saw 1 of its levels.

You collected 60 gold pieces.

Inventory:

Hand Weapons
 a - a +0 falchion (weapon)
Missiles
 b - 35 stones (quivered)
Armour
 j - a +0 leather armour of cold resistance (worn)
 k - a +0 buckler (worn)
Scrolls
 f - a scroll of teleportation {unknown}
Potions
 e - 2 potions of curing {unknown}
 h - a potion of agility {unknown}
 i - a potion of lignification {unknown}
Books
 c - a book of Battle

   Spells                             Type                      Level
   a - Infusion                       Charms                       1
   b - Shroud of Golubria             Charms/Translocation         2
   c - Song of Slaying                Charms                       2
   d - Spectral Weapon                Hexes/Charms                 3
   e - Regeneration                   Charms/Necromancy            3
Comestibles
 d - a bread ration
 g - 4 chunks of flesh


   Skills:
 - Level 2.0 Fighting
 + Level 3.4 Long Blades
 - Level 0.8 Armour
 - Level 1.1 Dodging
 + Level 0.3 Shields
 - Level 2.4 Spellcasting
 - Level 3.6 Charms
 + Level 0.2 Translocations


You had 2 spell levels left.
You knew the following spells:

 Your Spells              Type           Power        Failure   Level  Hunger
a - Infusion              Chrm           ##..         12%         1    #......
b - Shroud of Golubria    Chrm/Tloc      #.........   30%         2    ###....


Dungeon Overview and Level Annotations

Branches:
Dungeon (1/15)

Altars:


Message History

You hit the hobgoblin.
The hobgoblin is almost dead.
The hobgoblin closely misses you.
You closely miss the hobgoblin.
The hobgoblin is almost dead.
The hobgoblin misses you.
You riposte.
You closely miss the hobgoblin.
The hobgoblin is almost dead.
You barely miss the hobgoblin.
The hobgoblin is almost dead.
The hobgoblin hits you but does no damage.
The hobgoblin hits you with a club.
You take 5 damage, and have 9/19 hp.
MASSIVE DAMAGE!!
You closely miss the hobgoblin.
The hobgoblin is almost dead.
The hobgoblin hits you with a club.
You take 2 damage, and have 7/19 hp.
You closely miss the hobgoblin.
The hobgoblin is almost dead.
The hobgoblin hits you with a club!
You die...

..... ###....# #......#
...>...##......# #......#
.(...........#.#####......#
......#.#.................#
......#.#....#######......#
..... #.....## ##.........#
...####...### #..........#
..K##.....# #..#########
$.........# #@###########
..........######g#.........#
.....#....K..##.K#.........#
.......รท...#.....#.........#
....#......................#
....).#.....#.........)....#
......#.....#..............#
...#.......................#
............######.........#


You could see a hobgoblin and a kobold.

Vanquished Creatures
  A leopard gecko (D:1)
  2 giant cockroaches (D:1)
  A goblin (D:1)
  2 hobgoblins (D:1)
  2 ball pythons (D:1)
  2 bats (D:1)
  A kobold (D:1)
  A rat (D:1)
12 creatures vanquished.

Notes
Turn   | Place    | Note
-------+----------+-------------------------------------------
     0 | D:1      | Haldmier the High Elf Skald began the quest for the Orb.
     0 | D:1      | Reached XP level 1. HP: 14/14 MP: 4/4
   394 | D:1      | Reached XP level 2. HP: 13/19 MP: 0/6
   532 | D:1      | Learned a level 2 spell: Shroud of Golubria
   596 | D:1      | Slain by a hobgoblin

Skill      XL: |  1 |
---------------+----+-----
Long Blades    | 3 |  3.4
Fighting       | |  2.0
Armour         | |  0.8
Dodging        | |  1.1
Shields        | |  0.3
Spellcasting   | |  2.4
Charms         | |  3.6
Translocations | |  0.2

Action                   || total
-------------------------++-------
Melee: Falchion          ||    43
 Cast: Infusion          ||     5
Armor: Leather armour    ||    15
Dodge: Dodged            ||    33
Block: Buckler           ||     4
       Rpst.: Falchion   ||     9
